 Dungeon Crawl Stone Soup version 0.31-a0-210-gccc998df9b (webtiles) character file.

Game seed: 11587911679761831214

132 Dittersdorf the Trooper (level 5, 0/33 HPs)
             Began as a Gargoyle Fighter on June 29, 2023.
             Slain by an iguana (8 damage)
             ... on level 4 of the Dungeon.
             The game lasted 00:03:25 (3686 turns).

Dittersdorf the Trooper (Gargoyle Fighter)          Turns: 3686, Time: 00:03:26

Health: 0/33       AC: 14    Str: 22    XL:     5   Next: 15%
Magic:  5/5        EV:  8    Int:  8    God:
Gold:   198        SH:  4    Dex:  9    Spells: 4/4 levels left

rFire   . . .        a - +0 flail
rCold   . . .        c - +0 buckler
rNeg    + . .        j - +0 chain mail
rPois   ∞            r - +0 helmet
rElec   +            (no cloak)
rCorr   +            (no gloves)
SInv    .            (no boots)
Will    +....        (no amulet) Stlth
                     h - ring of willpower
HPRegen 0.25/turn    l - ring of resist corrosion
MPRegen 0.09/turn

%: no passive effects
@: no status effects
A: sickness immunity, AC +4, negative energy resistance 1, electricity
resistance, torment resistance 1, petrification resistance
a: no special abilities


You were on level 4 of the Dungeon.
You visited 1 branch of the dungeon, and saw 4 of its levels.

You collected 198 gold pieces.

Inventory:

Hand Weapons
 a - a +0 flail (weapon)
Missiles
 x - 6 poisoned darts
Armour
 c - a +0 buckler (worn)
 f - a +0 plate armour
 j - a +0 chain mail (worn)
 r - a +0 helmet (worn)
Jewellery
 h - a ring of willpower (left hand)
 l - a ring of resist corrosion (right hand)
 n - a ring of ice
 w - a ring of protection from cold
Wands
 u - a wand of light (15)
Scrolls
 b - a scroll of identify
 e - a scroll of brand weapon {unknown}
 k - a scroll of amnesia {unknown}
 m - a scroll of fog {unknown}
 o - a scroll of fear {unknown}
 y - a scroll of noise {unknown}
Potions
 d - 2 potions of might
 g - a potion of mutation {unknown}
 i - 3 potions of lignification {unknown}
 p - a potion of attraction {unknown}
 q - a potion of curing
 s - a potion of invisibility
 t - a potion of haste
 v - a potion of heal wounds


   Skills:
 + Level 4.2 Fighting
 + Level 3.1 Maces & Flails
 + Level 4.1 Armour
 + Level 4.2 Shields


You had 4 spell levels left.
You didn't know any spells.
Your spell library contained the following spells:

 Spells                   Type           Power      Damage    Failure   Level
 Apportation              Tloc           0%         N/A       98%         1
 Necrotise                Necr           0%         1d4       98%         1
 Summon Small Mammal      Summ           0%         N/A       98%         1
 Ignite Poison            Fire/Tmut/Pois 0%         N/A       100%        3
 Tukima's Dance           Hex            0%         N/A       100%        3
 Passage of Golubria      Tloc           0%         N/A       100%        4
 Freezing Cloud           Conj/Ice/Air   0%         6-21      100%        5
 Yara's Violent Unravell  Hex/Tmut       0%         3d3       100%        5
 Cigotuvi's Dreadful Rot  Necr/Pois/Air  Unusable   N/A       N/A         2

Dungeon Overview and Level Annotations

Branches:
Dungeon (4/15)
 Temple: D:4-7

Altars:
Gozag
Sif Muna
Trog
The Shining One

Shops:
D:3 !

Annotations:
D:2 1 runed translucent door, Crazy Yiuf
D:3 2 transporters, innerfire43's ghost, amateur DsMo


Innate Abilities, Weirdness & Mutations

You are immune to sickness and miasma.
Your stone body is resilient. (AC +4)
You are immune to poison.
You resist negative energy. (rN+)
You are resistant to electric shocks. (rElec)
You are resistant to unholy torment.
You are immune to petrification.


Message History

You barely miss the iguana. The iguana bites you! The iguana barely misses you.
You are too injured to fight recklessly!
You are too injured to fight recklessly!
You are too injured to fight recklessly!
You are too injured to fight recklessly!
You are too injured to fight recklessly!
You are too injured to fight recklessly!
You are too injured to fight recklessly!
You are too injured to fight recklessly!
You are too injured to fight recklessly!
You are too injured to fight recklessly!
You are too injured to fight recklessly!
You are too injured to fight recklessly!
You are too injured to fight recklessly!
You are too injured to fight recklessly!
You are too injured to fight recklessly!
You are too injured to fight recklessly!
You are too injured to fight recklessly!
You are too injured to fight recklessly!
You are too injured to fight recklessly!
You are too injured to fight recklessly!
You hit the iguana but do no damage. The iguana bites you.
You hit the iguana.
The iguana is moderately wounded.
The iguana bites you but does no damage.
You closely miss the iguana.
The iguana is moderately wounded.
You block the iguana's attack.
You barely miss the iguana.
The iguana is moderately wounded.
The iguana bites you but does no damage.
The iguana bites you!
* * * LOW HITPOINT WARNING * * *
You hit the iguana.
The iguana is heavily wounded.
You block the iguana's attack.
You hit the iguana.
The iguana is severely wounded.
The iguana bites you!
You die...

### #######.###############
.......................
........############### #######.#
#################l####
................@....#
#.############.......#
#.############.......############
#.#..............................
#.#.#####################........
#.#.# #........ #.#.# #........
#.#.# ###.#####
#.#.################## #.# ##


You could see an iguana.

Vanquished Creatures
  Robin (D:2)
  4 adders (D:4)
  3 worms (D:3)
  3 orcs (D:3)
  5 endoplasms
  6 giant cockroaches
  7 goblins
  11 hobgoblins
  3 quokkas
  4 ball pythons
  7 bats
  3 frilled lizards
  4 kobolds
  8 rats
69 creatures vanquished.

Vanquished Creatures (others)
  A wizard (D:3)
1 creature vanquished.

Grand Total: 70 creatures vanquished

Notes
Turn   | Place    | Note
-------+----------+-------------------------------------------
     0 | D:1      | Dittersdorf the Gargoyle Fighter began the quest for the
                  | Orb.
     0 | D:1      | Reached XP level 1. HP: 14/14 MP: 1/1
   498 | D:1      | Reached XP level 2. HP: 19/19 MP: 2/2
  1045 | D:2      | Reached XP level 3. HP: 23/23 MP: 3/3
  1153 | D:2      | Found a runed translucent door.
  1154 | D:2      | Noticed Crazy Yiuf
  1399 | D:2      | Noticed Robin
  1407 | D:2      | Killed Robin
  1760 | D:3      | Found Vetila's Distillery.
  1829 | D:3      | Reached XP level 4. HP: 23/29 MP: 4/4
  2040 | D:3      | Noticed innerfire43's ghost (amateur DsMo)
  2041 | D:3      | Found a transporter.
  2046 | D:3      | Found a transporter.
  2397 | D:3      | Found a bloodstained altar of Trog.
  2400 | D:3      | Noticed a wizard
  2405 | D:3      | Killed a wizard
  3460 | D:4      | Reached XP level 5. HP: 33/33 MP: 5/5
  3510 | D:4      | Found a shimmering blue altar of Sif Muna.
  3511 | D:4      | Found an opulent altar of Gozag.
  3596 | D:4      | Found a glowing golden altar of the Shining One.
  3686 | D:4      | Slain by an iguana

Illustrated notes

Levels and vault maps discovered:
D:1:      ebering_trefoil_3fold, layout_basic
D:2:      layout_basic, uniq_crazy_yiuf_cottage, uniq_robin
D:3:      layout_loops_cross, trog_wizard, serial_shops, nicolae_shop_peninsula,
          gammafunk_ghost_arena, minmay_fractal_squares_diagonal_5
D:4:      layout_basic, lemuel_round_altar, minitemple, grunt_tough_drop

Skill      XL: |  1  2  3  4 |
---------------+-------------+-----
Fighting       | 4 |  4.2
Armour         | 4 |  4.1
Shields        | 4 |  4.2
Maces & Flails | 3 |  3.1

Action                     |  1- 3 |  4- 6 || total
---------------------------+-------+-------++-------
  Melee: Flail             |    99 |   139 ||   238
    Use: Scroll            |       |     4 ||     4
 Armour: Scale mail        |     9 |       ||     9
         Chain mail        |    60 |    97 ||   157
  Dodge: Dodged            |    36 |    58 ||    94
  Block: Buckler           |    25 |    38 ||    63

Table legend: (Time is in decaauts)
 A = Elapsed time spent in this place.
 B = Non-inter-level travel time spent in this place.
 C = Inter-level travel time spent in this place.
 D = Time resting spent in this place.
 E = Time spent auto-exploring this place.
 F = Levels seen in this place.
 G = Mean time per level.
                   A        B        C        D        E       F      G
               +--------+--------+--------+--------+--------+-----+--------+
         Total |   3756 |   3569 |    187 |     31 |   2934 |   4 |  939.0 |
       Dungeon |   3756 |   3569 |    187 |     31 |   2934 |   4 |  939.0 |
               +--------+--------+--------+--------+--------+-----+--------+

Top non-repeatable levels by time:
     D:4: 1213 daAuts
     D:3: 962 daAuts
     D:1: 860 daAuts
     D:2: 721 daAuts
